 Dungeon Crawl Stone Soup version 0.23.2 (webtiles) character file.

Game seed: 15037357132277492382

137 Kisielow the Cudgeler (level 5, 0/32 HPs)
             Began as a Gargoyle Fighter on Apr 12, 2019.
             Killed by nerve-wracking pain
             ... invoked by an orc priest
              (3 damage)
             ... on level 3 of the Dungeon.
             The game lasted 00:03:24 (2231 turns).

Kisielow the Cudgeler (Gargoyle Fighter)            Turns: 2231, Time: 00:03:24

Health: 0/32       AC: 10    Str: 21    XL:     5   Next: 20%
Magic:  5/5        EV:  7    Int:  8    God:
Gold:   172        SH:  9    Dex:  9    Spells: 4/4 levels left

rFire    + . .     SeeInvis .   j - +3 whip (drain)
rCold    + . .     Gourm    .   c - +0 shield
rNeg     + . .     Faith    .   b - +0 scale mail
rPois    ∞         Spirit   .   (no helmet)
rElec    +         Reflect  .   m - scarf {rC+ rF+}
rCorr    .         Harm     .   (no gloves)
MR       .....                  (no boots)
Stlth    ..........             (no amulet)
HPRegen  0.10/turn              (no ring)
MPRegen  0.09/turn              (no ring)

@: no status effects
A: negative energy resistance 1, electricity resistance, unbreathing,
petrification resistance, rot immunity, AC +4
a: no special abilities


You were on level 3 of the Dungeon.
You were hungry.

You visited 1 branch of the dungeon, and saw 3 of its levels.

You collected 172 gold pieces.

Inventory:

Hand Weapons
 j - a +3 whip of draining (weapon)
Armour
 b - a +0 scale mail (worn)
 c - a +0 shield (worn)
 k - a +0 cloak
 m - a scarf of resistance (worn)
Scrolls
 a - 3 scrolls of identify {unknown}
 e - a scroll of magic mapping {unknown}
 g - 2 scrolls of remove curse {unknown}
 i - a scroll of fear {unknown}
 o - 2 scrolls of blinking {unknown}
 p - a scroll of fog {unknown}
 s - a scroll of teleportation {unknown}
Potions
 d - a potion of might
 h - a potion of invisibility {unknown}
 l - a potion of brilliance {unknown}
 q - 2 potions of degeneration {unknown}
 r - 2 potions of agility {unknown}
 t - a potion of berserk rage {unknown}
Comestibles
 f - 4 rations
 n - 4 chunks of flesh


   Skills:
 - Level 3.2 Fighting
 + Level 5.2 Maces & Flails
 - Level 3.2 Armour
 - Level 3.2 Shields


You had 4 spell levels left.
You didn't know any spells.
Your spell library was empty.

Dungeon Overview and Level Annotations

Branches:
Dungeon (3/15)

Altars:
Ashenzari
Wu Jian
Zin
The Shining One


Innate Abilities, Weirdness & Mutations

You are resistant to torment.
Your stone body is resilient. (AC +4)
You are immune to poison.
You resist negative energy. (rN+)
You are resistant to electric shocks. (rElec)
You can survive without breathing.
You are immune to petrification.
You are immune to rotting.


Message History

a +0 morningstar; a +0 leather armour You hit the orc priest.
You drain the orc priest.
The orc priest is heavily wounded.
The orc priest hits you but does no damage.
You closely miss the orc priest.
The orc priest is heavily wounded.
You block the orc priest's attack.
You are feeling hungry.
You hit the orc priest. You drain the orc priest.
The orc priest is almost dead.
Your scale mail prevents you from hitting the orc priest.
The orc priest is almost dead.
The orc priest invokes the aid of Beogh against you.
Beogh smites you!
* * * LOW HITPOINT WARNING * * *
You closely miss the orc priest.
The orc priest is almost dead.
The orc priest calls down the wrath of Beogh upon you.
Pain shoots through your body!
You die...

#.# #.# .# #.# .#
#.# .# #.# .# ...
#.# .# #.# #.# .#
#.####.#########.#
#.#....((...(†)@o#
#.#.#####.########
#.#.# #.# ##.#.##
#.# .†..(.# #.#
..##..# #.#
.####......# ##
..##.## # ..#


You could see an orc priest.

Vanquished Creatures
  3 gnolls (D:3)
  3 adders (D:2)
  3 oozes
  A worm (D:2)
  A dart slug (D:2)
  A leopard gecko (D:2)
  4 orcs (D:3)
  7 bats
  6 giant cockroaches
  5 hobgoblins
  10 kobolds
  A ball python (D:2)
  2 frilled lizards
  5 goblins (D:1)
  9 rats
61 creatures vanquished.

Notes
Turn   | Place    | Note
-------+----------+-------------------------------------------
     0 | D:1      | Kisielow the Gargoyle Fighter began the quest for the Orb.
     0 | D:1      | Reached XP level 1. HP: 14/14 MP: 1/1
   337 | D:1      | Reached XP level 2. HP: 17/19 MP: 2/2
   416 | D:1      | Reached skill level 3 in Maces & Flails
   783 | D:1      | Reached XP level 3. HP: 23/23 MP: 3/3
  1496 | D:2      | Reached skill level 4 in Maces & Flails
  1539 | D:2      | Reached XP level 4. HP: 28/28 MP: 4/4
  1870 | D:2      | Found a glowing silver altar of Zin.
  1882 | D:2      | Found an ornate altar of the Wu Jian Council.
  1882 | D:2      | Found a glowing golden altar of the Shining One.
  1891 | D:2      | Found a shattered altar of Ashenzari.
  2010 | D:3      | Reached skill level 5 in Maces & Flails
  2010 | D:3      | Reached XP level 5. HP: 21/32 MP: 5/5
  2231 | D:3      | Killed from afar by an orc priest

Skill      XL: |  1  2  3  4 |
---------------+-------------+-----
Maces & Flails | 3 4 5 |  5.2
Fighting       | |  3.2
Armour         | |  3.2
Shields        | |  3.2

Action                   |  1- 3 |  4- 6 || total
-------------------------+-------+-------++-------
Melee: Flail             |    81 |       ||    81
       Whip              |    51 |    78 ||   129
  Eat: Chunk             |     2 |     2 ||     4
Armor: Scale mail        |    81 |    31 ||   112
Dodge: Dodged            |    32 |    25 ||    57
Block: Shield            |    86 |    31 ||   117
